 Dungeon Crawl Stone Soup version 0.22.1-2-g9c5b331 (webtiles) character file.

263 Fang the Chopper (level 6, -1/57 HPs)
             Began as a Gargoyle Berserker on Dec 12, 2018.
             Was a Priest of Trog.
             Slain by Grinder (5 damage)
             ... on level 3 of the Dungeon.
             The game lasted 00:04:34 (2855 turns).

Fang the Chopper (Gargoyle Berserker)               Turns: 2855, Time: 00:04:34

Health: -1/57      AC: 10    Str: 28    XL:     6   Next: 19%
Magic:  6/6        EV: 12    Int:  9    God:    Trog [***...]
Gold:   105        SH:  0    Dex:  9    Spells: 5/5 levels left

rFire    . . .     SeeInvis .   a - +0 hand axe
rCold    . . .     Gourm    .   (no shield)
rNeg     + . .     Faith    .   i - +0 ring mail
rPois    ∞         Spirit   .   (no helmet)
rElec    +         Reflect  .   (no cloak)
rCorr    .         Harm     .   (no gloves)
MR       .....                  (no boots)
Stlth    ..........             (no amulet)
HPRegen  0.19/turn              l - ring of flight
MPRegen  0.10/turn              b - +2 ring of intelligence

@: berserking, very quick
A: negative energy resistance 1, electricity resistance, unbreathing,
petrification resistance, rot immunity, AC +4
a: Berserk, Trog's Hand, Renounce Religion, Evoke Flight


You were on level 3 of the Dungeon.
You worshipped Trog.
Trog was most pleased with you.
You were not hungry.

You visited 1 branch of the dungeon, and saw 3 of its levels.

You collected 105 gold pieces.

Inventory:

Hand Weapons
 a - a +0 hand axe (weapon)
Armour
 i - a +0 ring mail (worn)
Jewellery
 b - a +2 ring of intelligence (right hand)
 j - an uncursed ring of protection from fire
 l - a ring of flight (left hand)
Scrolls
 d - a scroll of fear {unknown}
 e - 2 scrolls of identify {unknown}
 f - a scroll of random uselessness {unknown}
 k - a scroll of remove curse {unknown}
 m - a scroll of enchant weapon {unknown}
Potions
 g - a potion of might {unknown}
 h - a potion of flight {unknown}
Comestibles
 c - 6 rations


   Skills:
 + Level 4.2 Fighting
 + Level 4.5 Axes
 + Level 2.6 Armour
 + Level 2.7 Dodging
 + Level 2.0 Stealth


You had 5 spell levels left.
You didn't know any spells.
Your spell library was empty.

Dungeon Overview and Level Annotations

Branches:
Dungeon (3/15)

Altars:
Cheibriados
Dithmenos
Elyvilon
Ru
Vehumet
Wu Jian

Annotations:
D:3 Grinder


Innate Abilities, Weirdness & Mutations

You are resistant to torment.
Your stone body is resilient. (AC +4)
You are immune to poison.
You resist negative energy. (rN+)
You are resistant to electric shocks. (rElec)
You can survive without breathing.
You are immune to petrification.
You are immune to rotting.


Message History

* * * LOW HITPOINT WARNING * * *
Unknown command.
Okay, then.
You're too hungry.
You barely miss Grinder.
Grinder is almost dead.
Grinder gestures at you. Pain shoots through your body!
* * * LOW HITPOINT WARNING * * *
Unknown command.
You eat one of the 7 rations.
That ration really hit the spot!
Grinder blinks!
Grinder gestures at you.
You suddenly lose the ability to move!
Grinder gestures at you. You resist with significant effort.
You can move again.
A red film seems to cover your vision as you go berserk!
You feel yourself moving faster!
You feel mighty!
You feel a lot more hungry. Grinder hits you.
You die...

#.......#
♣♣..
####...##..#
♣♣...
#......##..#
♣♣....
#....)###..#
♣...≈≈
#.....# #..#
♣♣..≈≈≈
#.....# ..#
♣...≈≈_
#[....#
♣♣..≈≈≈
#..5..#
♣...≈≈
#..@..#
♣♣....
#.....#
♣♣...
#.....# ♣♣..
#.....#
♣♣...
#######
♣♣....
♣...≈≈
#..≈≈≈
#..≈≈♣
#..≈≈≈


You could see Grinder.

Vanquished Creatures
  A sky beast (D:2)
  An orc priest (D:3)
  6 adders
  An ooze (D:1)
  3 worms (D:2)
  3 dart slugs
  2 leopard geckos (D:2)
  3 orcs (D:3)
  2 giant cockroaches (D:2)
  3 goblins
  11 hobgoblins
  2 jackals (D:3)
  2 quokkas
  7 bats
  8 frilled lizards
  8 kobolds
  9 rats
72 creatures vanquished.

Notes
Turn   | Place    | Note
-------+----------+-------------------------------------------
     0 | D:1      | Fang the Gargoyle Berserker began the quest for the Orb.
     0 | D:1      | Reached XP level 1. HP: 14/14 MP: 1/1
   116 | D:1      | Reached XP level 2. HP: 18/19 MP: 2/2
   231 | D:1      | Reached skill level 1 in Stealth
   308 | D:1      | Reached XP level 3. HP: 22/24 MP: 3/3
   365 | D:1      | Reached ** piety under Trog
  1300 | D:2      | Found a shadowy altar of Dithmenos.
  1402 | D:2      | Reached XP level 4. HP: 23/29 MP: 4/4
  1493 | D:2      | Noticed a sky beast
  1517 | D:2      | Killed a sky beast
  1517 | D:2      | Reached XP level 5. HP: 8/33 MP: 5/5
  1743 | D:2      | Found an ornate altar of the Wu Jian Council.
  1832 | D:2      | Found a snail-covered altar of Cheibriados.
  1941 | D:3      | Found a sacrificial altar of Ru.
  1941 | D:3      | Found a radiant altar of Vehumet.
  2092 | D:3      | Reached XP level 6. HP: 34/38 MP: 6/6
  2544 | D:3      | Reached *** piety under Trog
  2645 | D:3      | Found a white marble altar of Elyvilon.
  2797 | D:3      | Noticed Grinder
  2807 | D:3      | Paralysed by Grinder for 3 turns
  2818 | D:3      | Paralysed by Grinder for 5 turns
  2826 | D:3      | Paralysed by Grinder for 7 turns
  2834 | D:3      | Paralysed by Grinder for 6 turns
  2848 | D:3      | Paralysed by Grinder for 5 turns
  2855 | D:3      | Slain by Grinder

Skill      XL: |  1  2  3  4  5 |
---------------+----------------+-----
Stealth        | 1 2 |  2.0
Axes           | 3 4 |  4.5
Dodging        | 2 |  2.7
Fighting       | 4 |  4.2
Armour         | |  2.6

Action                   |  1- 3 |  4- 6 || total
-------------------------+-------+-------++-------
Melee: Hand axe          |   143 |   112 ||   255
Invok: Berserk           |     2 |     3 ||     5
 Abil: Evoke Flight      |       |     1 ||     1
 Stab: Sleeping          |     3 |       ||     3
  Eat: Chunk             |     3 |     5 ||     8
       Ration            |       |     1 ||     1
Armor: Animal skin       |    49 |       ||    49
       Ring mail         |       |    64 ||    64
Dodge: Dodged            |    93 |    64 ||   157
